Cogmind - Beta 15 @@@ ROGUE MODE // 2025.05.23 @ 18:31:12 Player: the Result: Self-destructed Performance ------------- Evolutions (6) 3000 Regions Visited (11) 2200 Robots Destroyed (183) 915 Value Destroyed (6550) 6550 Prototype IDs (11) 220 Alien Tech Used (0) 0 Bonus (434) 434 TOTAL SCORE: 13319 Bonus ------- High Alert Combat Kills 310 Follower Combat Kills 124 Cogmind --------- Core Integrity 836/1150 Matter 101/300 Energy 100/100 System Corruption 14% Temperature Cool (0) Movement Core (50) Location -4/Waste Parts ------- > --- POWER (1) -------- (None) > --- PROPULSION (6) --- (None) > --- UTILITY (7) ------ (None) > --- WEAPON (5) ------- (None) > --- INVENTORY (5) ---- Reinforced Quantum Reactor Advanced Heat Sink Matter Compressor (139) Advanced Thermal Shield Heavy Gauss Cannon Peak State ------------ > --- POWER ------------ Reinforced Quantum Reactor > --- PROPULSION ------- Advanced Treads Advanced Treads Advanced Treads Advanced Treads Medium Treads Advanced Medium Treads > --- UTILITY ---------- Advanced Power Amplifier Advanced Heat Sink Huge Storage Unit Machine Analyzer Makeshift Light Armor Plating Improved Force Field Long-range Tractor Beam > --- WEAPON ----------- Improved Heavy Machine Gun Improved Heavy Machine Gun KE Penetrator Enhanced Gauss Cannon Long-range Missile Launcher > --- INVENTORY -------- Neutrino Core Reinforced Quantum Reactor Reinforced Quantum Reactor Reinforced Quantum Reactor Advanced Treads Advanced Treads Improved Cryofiber Web Energy Well Matter Compressor Focal Shield High-powered Tractor Beam Advanced Field Recycling Unit Cooled Pulse Rifle Cooled Pulse Rifle Plasma Rifle Thermic Laser Variable Charge Gun Heavy Phase Cannon Hypervelocity Gauss Rifle Heavy Machine Gun Heavy Machine Gun Heavy Flak Cannon Hardcell Cannon Heavy Pick [Rating: 107] Favorites ----------- Power F-cell Engine Engine F-cell Engine Power Core Nuclear Core Reactor Reinforced Quantum Reactor Propulsion Advanced Treads Treads Advanced Treads Wheel Wheel Utility Machine Analyzer Device Improved Cooling System Storage Huge Storage Unit Processor Machine Analyzer Protection Improved Light Armor Plating Weapon Heavy Machine Gun Energy Gun Heavy EM Shotgun Energy Cannon EM Pulse Cannon Ballistic Gun Heavy Machine Gun Ballistic Cannon Assault Cannon Launcher EMP Blaster Impact Weapon Heavy Flail Slashing Weapon Mining Claw Build | -11 -10 -9 -9 -8 -7 -6 -6 -6 -5 -4 -4 ------- Run | Yrd Mat Mat Min Mat Fac Fac Low Low Fac Fac Was Slots Evolved 12 | . . 2 . 2 2 2 . . 2 2 . Power . | . . . . . . . . . . . . Propulsion 4 | . . . . 1 1 1 . . 1 . . Utility 5 | . . 1 . 1 1 1 . . 1 . . Weapon 3 | . . 1 . . . . . . . 2 . Parts Attached 133 | 7 19 17 1 23 12 17 5 . 8 24 . Power 12 | 1 2 4 . . 3 1 . . . 1 . Engine 9 | 1 2 3 . . 2 1 . . . . . Core 2 | . . 1 . . 1 . . . . . . Reactor 1 | . . . . . . . . . . 1 . Propulsion 32 | 2 4 3 . 5 2 4 3 . 3 6 . Treads 23 | . . 3 . 5 2 4 3 . 3 3 . Leg . | . . . . . . . . . . . . Wheel 9 | 2 4 . . . . . . . . 3 . Hover . | . . . . . . . . . . . . Flight . | . . . . . . . . . . . . Utility 39 | 2 6 4 1 6 3 6 2 . 2 7 . Device 23 | 1 5 1 1 2 1 4 . . 2 6 . Storage 4 | 1 1 . . 1 1 . . . . . . Processor 1 | . . . . 1 . . . . . . . Hackware . | . . . . . . . . . . . . Protection 11 | . . 3 . 2 1 2 2 . . 1 . Artifact . | . . . . . . . . . . . . Weapon 50 | 2 7 6 . 12 4 6 . . 3 10 . Energy Gun 12 | 1 1 4 . 5 1 . . . . . . Energy Cannon 2 | . . 1 . 1 . . . . . . . Ballistic Gun 17 | 1 4 1 . . . 6 . . 1 4 . Ballistic Cannon 11 | . . . . 3 2 . . . 1 5 . Launcher 5 | . . . . 2 1 . . . 1 1 . Special Weapon . | . . . . . . . . . . . . Impact Weapon 2 | . 1 . . 1 . . . . . . . Slashing Weapon 1 | . 1 . . . . . . . . . . Piercing Weapon . | . . . . . . . . . . . . Special Melee Weapon . | . . . . . . . . . . . . Unidentified Prototypes 11 | . . 4 1 2 2 1 . . . 1 . Parts Lost 34 | . . 1 . 2 3 4 1 . 4 11 8 Power 1 | . . . . . . 1 . . . . . Propulsion 17 | . . . . . 1 3 1 . 2 7 3 Utility 11 | . . 1 . . 2 . . . 2 3 3 Weapon 5 | . . . . 2 . . . . . 1 2 Highest Loss Streak 8 | . . 1 . 1 2 1 1 . 2 6 8 To Critical Strikes 1 | . . . . . . . . . . 1 . Average Backups 17 | 3 9 9 10 12 19 24 24 24 23 23 22 Power 1 | . . . 1 1 1 1 2 3 3 3 4 Propulsion 3 | 1 2 2 2 1 6 6 3 3 1 . . Utility 4 | . 2 4 6 3 2 5 6 7 6 7 9 Weapon 8 | . 3 2 1 6 8 10 11 11 12 11 9 Tool/Special . | . . . . . . . . . . . . Unused Backups 50 | . 7 5 1 4 3 3 1 1 3 8 14 Power 10 | . 1 1 . . . . 1 . 1 2 4 Propulsion 4 | . 2 2 . . . . . . . . . Utility 9 | . . . 1 1 . 1 . . . 1 5 Weapon 27 | . 4 2 . 3 3 2 . 1 2 5 5 Tool/Special . | . . . . . . . . . . . . Average Slot Usage (%) 95 | . 100 98 93 91 98 99 96 93 93 93 72 Engine 7 | . 14 9 11 9 6 5 6 6 5 1 . Treads 25 | . . 21 22 26 29 32 33 33 34 24 8 Wheel 2 | . 28 . . . . . . . . 1 11 Device 14 | . 14 12 11 8 11 20 16 13 16 19 16 Storage 7 | . 14 11 11 9 7 6 6 6 5 5 4 Processor 4 | . . . . 8 7 6 6 6 5 5 4 Protection 5 | . . 8 5 2 10 5 6 6 5 5 4 Energy Gun 8 | . 1 32 33 17 . . . . . . . Ballistic Gun 9 | . 17 . . . . 13 20 20 15 16 10 Ballistic Cannon 4 | . . . . 3 22 5 . . . 8 8 Peak Build Rating 107 | 7 14 30 37 47 50 70 69 69 80 107 96 Average Rating 52 | 5 9 26 32 40 47 62 66 68 75 96 81 On Entrance 45 | . 7 14 28 37 36 48 64 68 69 75 96 Naked Turns 2 | . . . . . . . . . . . 2 Heaviest Build 171 | 13 22 35 38 50 114 125 125 125 132 171 160 Greatest Support 146 | 26 26 45 45 84 112 128 116 116 138 146 42 Greatest Overweight (x) 15 | 1 . 1 . . 1 1 1 1 1 15 3 Average Overweight (x) . | . . . . . . . 1 1 . . 3 Largest Inventory Capacity 25 | 8 10 10 10 15 25 25 25 25 25 25 25 Average Capacity 19 | 7 9 10 10 14 22 25 25 25 25 25 23 Most Carried 25 | 6 10 10 10 15 25 25 25 25 25 25 22 Average Carried 18 | 3 9 9 9 12 19 24 24 24 23 23 21 Final Capacity 25 | 8 10 10 10 15 25 25 25 25 25 25 5 Final Carried 25 | 6 10 10 10 15 25 24 24 25 23 22 5 Class Distribution -------------------- 70% | Tank 13% | Mutant 11% | Skirmisher 3% | Gunner Dominant Class ---------------- Mutant | -10/Materials Tank | -9/Materials Gunner | -9/Mines Skirmisher | -8/Materials Tank | -7/Factory Tank | -6/Factory Tank | -6/Lower Caves Tank | -6/Lower Caves Tank | -5/Factory Tank | -4/Factory Mutant | -4/Waste Resources | -11 -10 -9 -9 -8 -7 -6 -6 -6 -5 -4 -4 ----------- Run | Yrd Mat Mat Min Mat Fac Fac Low Low Fac Fac Was Matter Collected 5014 | 272 415 323 10 630 390 597 345 . 449 1562 21 Remotely 3499 | 117 . . . 216 192 597 345 . 449 1562 21 Salvage Created 7224 | 113 511 1317 28 1821 325 810 146 . 473 1680 . Parts 358 | 5 37 84 4 94 9 34 6 . 26 59 . Haulers Intercepted 11 | . 2 3 . 4 1 . . . . 1 . Recyclers Shooed 8 | . . . 1 . . 2 . . . 5 . Parts Field Recycled . | . . . . . . . . . . . . Retrieved Matter . | . . . . . . . . . . . . Parts Self-Destructed 6 | . . . . . . . 6 . . . . Prevented . | . . . . . . . . . . . . Kills | -11 -10 -9 -9 -8 -7 -6 -6 -6 -5 -4 -4 ------- Run | Yrd Mat Mat Min Mat Fac Fac Low Low Fac Fac Was Combat Hostiles Destroyed 131 | . 11 29 2 27 11 10 2 . 20 19 . Melee 1 | . . . . . . 1 . . . . . Guns 73 | . 11 25 1 9 . 6 2 . 12 7 . Cannons 31 | . . . . 10 9 1 . . . 11 . AOE 25 | . . 4 1 7 2 2 . . 8 1 . Classes Destroyed 18 | 2 6 1 . 3 . 2 2 . 1 1 . Worker 11 | . 1 1 . . . 4 . . . 5 . Builder 4 | . 1 . . 2 . . . . . 1 . Tunneler 1 | 1 . . . . . . . . . . . Hauler 11 | . 2 3 . 4 1 . . . . 1 . Recycler 8 | 1 . . . 2 . 2 . . . 3 . Minesweeper 1 | . . . . . . . 1 . . . . Mechanic 1 | . . . . 1 . . . . . . . Operator 1 | . . . . . . . . . 1 . . Watcher 14 | . 1 3 . 4 . . . . . 6 . Swarmer 38 | . 5 14 2 3 . . . . 14 . . Grunt 55 | . 6 7 . 15 8 5 1 . 3 10 . Brawler 1 | . . . . . . 1 . . . . . Protector 1 | . . . . . . . . . . 1 . Sentry 23 | . . 8 . 7 3 2 . . 2 1 . Hunter 2 | . . . . 1 . 1 . . . . . Programmer 8 | . . . . . . 1 . . 1 6 . Heavy 1 | . . . . 1 . . . . . . . Behemoth 2 | . . . . . . . 1 . . 1 . Best Kill Streak 10 | 2 7 7 2 4 5 6 1 . 5 10 . Combat Bots Only 7 | . 4 7 2 4 5 3 1 . 5 7 . Max Kills in Single Turn 5 | 1 1 2 1 3 2 5 1 . 5 4 . Gunslinging 1 | . . 1 . . . . . . 1 . . Exploded 3 | . . 2 1 3 2 2 . . 3 1 . Melee 1 | . . . . . . 1 . . . . . Uniques/NPCs Destroyed . | . . . . . . . . . . . . Combat | -11 -10 -9 -9 -8 -7 -6 -6 -6 -5 -4 -4 -------- Run | Yrd Mat Mat Min Mat Fac Fac Low Low Fac Fac Was Hostile Shots Fired 733 | . 58 67 4 67 148 114 35 . 66 167 7 Missed 210 | . 23 15 4 22 47 33 12 . 20 34 . Hits 523 | . 35 52 . 45 101 81 23 . 46 133 7 Melee 7 | . . . . . . . . . . . 7 Projectile 516 | . 35 52 . 45 101 81 23 . 46 133 . Critical Strikes 18 | . . 4 . 2 2 1 . . 1 8 . Damage Taken 8491 | . 333 699 28 1145 962 892 641 . 978 2525 288 Core 786 | . 73 18 . 170 91 52 . . 68 176 138 Absorbed by Shields 431 | . . . . . . . . . . 431 . Ignored by Resistances 76 | . . . . . . . . . 40 36 . Regen/Repaired (Parts) 109 | . . 109 . . . . . . . . . Core Remaining (%) 86 | 100 70 . 95 69 87 . . 93 93 . . Volleys Fired 319 | 2 42 45 3 66 31 30 17 . 29 45 9 Largest 5 | 2 2 3 2 3 3 3 3 . 3 5 5 Hottest 195 | 60 60 150 100 163 114 114 90 . 110 195 162 Shots Fired 914 | 4 83 119 7 160 83 88 51 . 71 218 30 Gun 637 | 4 83 119 7 87 . 66 51 . 62 142 16 Cannon 254 | . . . . 62 81 21 . . 1 75 14 Launcher 23 | . . . . 11 2 1 . . 8 1 . Special . | . . . . . . . . . . . . Kinetic 633 | 2 69 . . 33 81 87 51 . 63 217 30 Thermal 2 | 2 . . . . . . . . . . . Explosive 12 | . . . . . 2 1 . . 8 1 . Electromagnetic 267 | . 14 119 7 127 . . . . . . . Robot Hit Streak 19 | 3 7 16 2 18 16 15 19 . 12 12 4 Robot Miss Streak 11 | . 6 11 5 3 4 6 2 . 4 9 2 Penetration Max 2 | . . . . . . 2 . . . 1 . Secondary Targets 9 | . 1 4 . . . . . . 4 . . Max Gunslinging Chain 1 | . 1 1 . . . . . . 1 . . Shots Hit Robots 586 | 3 46 79 3 112 57 57 41 . 42 129 17 Core Hits 331 | 3 22 50 3 65 22 25 9 . 36 93 3 Critical Kills . | . . . . . . . . . . . . Critical Parts Destroyed 9 | . . . . . . 4 . . . 5 . Critical Strikes 22 | . 1 . . 1 2 4 . . . 14 . Destroy 10 | . . . . . . 4 . . . 6 . Blast 11 | . . . . 1 2 . . . . 8 . Corrupt 1 | . 1 . . . . . . . . . . Melee Attacks 38 | . 29 2 . 7 . . . . . . . Impact 10 | . 1 2 . 7 . . . . . . . Slashing 28 | . 28 . . . . . . . . . . Piercing . | . . . . . . . . . . . . Sneak Attacks 2 | . 2 . . . . . . . . . . Combat Hostiles . | . . . . . . . . . . . . Follow-up Attacks . | . . . . . . . . . . . . Damage Inflicted 18084 | 30 704 1760 166 2832 1655 1814 915 . 2777 4882 549 Guns 9050 | 30 608 1492 49 1347 . 1155 915 . 917 2267 270 Cannons 4407 | . . . . 864 1393 179 . . . 1692 279 Explosions 4467 | . . 268 117 568 262 469 . . 1860 923 . Melee 149 | . 96 . . 53 . . . . . . . Ramming 11 | . . . . . . 11 . . . . . Kinetic 10064 | 9 541 . . 447 1393 1334 915 . 917 3959 549 Thermal 1354 | 21 . 268 117 396 . 223 . . . 329 . Explosive 2466 | . . . . . 262 246 . . 1860 98 . Electromagnetic 4040 | . 67 1492 49 1936 . . . . . 496 . Impact 53 | . . . . 53 . . . . . . . Slashing 96 | . 96 . . . . . . . . . . Piercing . | . . . . . . . . . . . . Highest Corruption 14 | . . 2 2 . . . . . . 9 14 Average Corruption 5 | . . 2 2 . . . . . . 7 12 Corruption Purged . | . . . . . . . . . . . . Corruption Blocked . | . . . . . . . . . . . . Effects 30 | . . 5 2 . . . . . . 19 4 Message Errors 8 | . . 2 . . . . . . . 5 1 Matter Fused 7 | . . 1 . . . . . . . 5 1 Heat Flow Errors 4 | . . . 1 . . . . . . 3 . Energy Discharges 1 | . . . . . . . . . . 1 . Data Loss (minor) 2 | . . 1 . . . . . . . 1 . Data Loss (major) 1 | . . . . . . . . . . 1 . Misfires 2 | . . . 1 . . . . . . 1 . Weapon Failures 5 | . . 1 . . . . . . . 2 2 Overload Shots . | . . . . . . . . . . . . Overflow Damage 502 | . 8 . 13 69 35 103 . . 174 100 . Projectiles 93 | . . . . 30 35 . . . . 28 . Explosions 398 | . . . 13 36 . 103 . . 174 72 . Melee 11 | . 8 . . 3 . . . . . . . Knockbacks 22 | . . . . 5 8 2 . . . 7 . Impact . | . . . . . . . . . . . . Kinetic 21 | . . . . 4 8 2 . . . 7 . Secondary 1 | . . . . 1 . . . . . . . Self-Inflicted Damage 733 | . . 158 28 137 . . . . 148 262 . Shots 19 | . . 5 1 5 . . . . 3 5 . Rammed . | . . . . . . . . . . . . Targets Rammed 1 | . . . . . . 1 . . . . . Kicked . | . . . . . . . . . . . . Crushed 1 | . . . . . . 1 . . . . . Highest Temperature 320 | 20 40 320 208 209 225 11 79 . . 183 . Average Temperature 65 | 15 19 81 62 61 81 7 28 . . 52 . Received Heat Transfer 1897 | . 93 192 . 288 435 210 105 . 144 430 . Effects 3 | . . . . . 3 . . . . . . Energy Bleed 1 | . . . . . 1 . . . . . . Interference 2 | . . . . . 2 . . . . . . Siege Activations . | . . . . . . . . . . . . Martial Activations . | . . . . . . . . . . . . Shielding Activations . | . . . . . . . . . . . . Robots Disrupted 2 | . . . . 1 . . . . . 1 . Combat Hostiles 1 | . . . . 1 . . . . . . . Robots Corrupted 4 | . . . . 3 . . . . . 1 . Combat Hostiles 1 | . . . . 1 . . . . . . . Parts Fried 24 | . . 9 . 12 . . . . . 3 . Impact Corruptions 1 | . . . . 1 . . . . . . . Robots Melted . | . . . . . . . . . . . . Combat Hostiles . | . . . . . . . . . . . . Parts Melted 1 | . . . . . . . . . . 1 . Heat Transferred 1300 | 50 . 300 150 400 . 150 . . . 250 . Parts Sabotaged . | . . . . . . . . . . . . Parts Stolen . | . . . . . . . . . . . . Parts Stripped . | . . . . . . . . . . . . Power Chain Reactions 16 | . . 7 2 7 . . . . . . . Alert | -11 -10 -9 -9 -8 -7 -6 -6 -6 -5 -4 -4 ------- Run | Yrd Mat Mat Min Mat Fac Fac Low Low Fac Fac Was Maximum Alert Level 3 | . . 2 . 1 . . . . 2 3 1 Low Security (%) 72 | 100 100 44 100 88 100 100 . . 65 11 . Level 1 19 | . . 44 . 11 . . . . 28 46 100 Level 2 2 | . . 10 . . . . . . 5 2 . Level 3 5 | . . . . . . . . . . 39 . Level 4 . | . . . . . . . . . . . . Level 5 . | . . . . . . . . . . . . High Security . | . . . . . . . . . . . . Max Security . | . . . . . . . . . . . . Peak Influence 978 | 5 134 472 192 337 131 170 . . 527 978 344 Initial 336 | . 3 52 181 59 81 31 . . . 249 336 Average 161 | 2 36 199 164 103 65 61 . . 147 498 323 Influence Increases 5268 | 10 405 1006 53 931 314 472 55 . 781 1227 14 Destroy 0b10 Robot/C 2660 | . 220 580 40 540 220 260 40 . 400 360 . Destroy 0b10 Robot/NC 265 | 10 25 35 . 65 5 30 5 . 5 85 . Destroy Leader 660 | . 56 162 10 156 52 70 10 . 60 84 . Allied During Kill 22 | . . . . . . 22 . . . . . Successful Hack 136 | . 23 52 . 40 . 7 . . . 14 . Disable Machine 765 | . . 60 . 30 15 60 . . 120 480 . Destroy Structure 520 | . 21 27 3 40 22 23 . . 166 204 14 Lose Combat Pursuer 240 | . 60 90 . 60 . . . . 30 . . Influence Decreases 5008 | 5 284 666 365 905 429 393 193 6 270 776 716 Entered New Map 1533 | . 2 74 285 95 99 34 54 2 . 262 626 Time Decay 2633 | 5 212 440 60 530 300 299 139 4 230 404 10 Lost Part 302 | . . 2 . 20 30 20 . . 40 110 80 Lost Ally 150 | . . . 20 90 . 40 . . . . . Purge Threat 390 | . 70 150 . 170 . . . . . . . Squads Dispatched 28 | . 3 5 . 5 2 4 . . 5 4 . Investigation 8 | . 1 3 . 1 1 2 . . . . . Extermination 7 | . . . . . 1 2 . . 1 3 . Reinforcement 10 | . 2 2 . 4 . . . . 2 . . Assault 1 | . . . . . . . . . . 1 . Garrison 2 | . . . . . . . . . 2 . . Intercept . | . . . . . . . . . . . . Searches Triggered . | . . . . . . . . . . . . Construction Impeded . | . . . . . . . . . . . . Haulers Reinforced . | . . . . . . . . . . . . Active Scanning Responses . | . . . . . . . . . . . . Cargo Convoy Interrupts . | . . . . . . . . . . . . Stealth | -11 -10 -9 -9 -8 -7 -6 -6 -6 -5 -4 -4 --------- Run | Yrd Mat Mat Min Mat Fac Fac Low Low Fac Fac Was Distress Signals 9 | . . 2 . 4 . 1 . . . 2 . Communications Jammed . | . . . . . . . . . . . . Distress Signals . | . . . . . . . . . . . . Times Spotted 192 | . 22 43 3 39 13 14 2 . 24 29 3 Peak Tracking Total 7 | . 4 5 3 4 4 4 1 . 5 7 3 Tactical Retreats 13 | . 3 4 . 4 . . . . 2 . . Traps | -11 -10 -9 -9 -8 -7 -6 -6 -6 -5 -4 -4 ------- Run | Yrd Mat Mat Min Mat Fac Fac Low Low Fac Fac Was Traps Triggered 8 | . 1 2 . . . 1 . . 1 3 . Indirectly 1 | . . . . . . . . . . 1 . Trap Hack Attempts . | . . . . . . . . . . . . Triggered . | . . . . . . . . . . . . Disarmed . | . . . . . . . . . . . . Reprogrammed . | . . . . . . . . . . . . Reused . | . . . . . . . . . . . . Traps Extracted . | . . . . . . . . . . . . Installed . | . . . . . . . . . . . . Triggered . | . . . . . . . . . . . . Machines | -11 -10 -9 -9 -8 -7 -6 -6 -6 -5 -4 -4 ---------- Run | Yrd Mat Mat Min Mat Fac Fac Low Low Fac Fac Was Machines Disabled 51 | . . 4 . 2 1 4 . . 8 32 . Max in Single Turn 14 | . . 1 . 1 1 4 . . 4 14 . Garrison Access 2 | . . . . 1 . . . . 1 . . Machines Repaired . | . . . . . . . . . . . . Machines Dismantled . | . . . . . . . . . . . . Machines Sabotaged . | . . . . . . . . . . . . Overloaded Fab Kills . | . . . . . . . . . . . . Hacking | -11 -10 -9 -9 -8 -7 -6 -6 -6 -5 -4 -4 --------- Run | Yrd Mat Mat Min Mat Fac Fac Low Low Fac Fac Was Machines Accessed 38 | . 6 11 1 9 2 3 1 . 3 2 . Terminals 25 | . 6 9 . 6 . 2 . . 1 1 . Fabricators 1 | . . . . . . 1 . . . . . Repair Stations 4 | . . 1 . 1 1 . . . 1 . . Recycling Units 1 | . . . . . 1 . . . . . . Scanalyzers 3 | . . 1 . 1 . . . . . 1 . Garrison Access 2 | . . . . 1 . . . . 1 . . Total Hacks 113 | . 26 34 1 24 5 8 1 . 6 8 . Successful 56 | . 13 17 1 13 1 3 1 . 1 6 . Failed 57 | . 13 17 . 11 4 5 . . 5 2 . Catastrophic 13 | . 1 4 . 3 . 3 . . 1 1 . Database Lockouts . | . . . . . . . . . . . . Manual 38 | . 17 12 . 3 . 3 . . 1 2 . Terminals 75 | . 26 25 . 13 . 6 . . 2 3 . Fabricators 2 | . . . . . . 2 . . . . . Repair Stations 7 | . . 3 . 2 1 . . . 1 . . Recycling Units 4 | . . . . . 4 . . . . . . Scanalyzers 17 | . . 6 . 6 . . . . . 5 . Garrison Access 6 | . . . . 3 . . . . 3 . . Terminal Hacks 26 | . 9 7 1 6 . 1 1 . . 1 . Part Schematic 1 | . . . . . . 1 . . . . . Robot Analysis 1 | . . . . 1 . . . . . . . Open Door 2 | . . . 1 . . . 1 . . . . Branch Access Points 1 | . 1 . . . . . . . . . . Fabricator Index 1 | . . . . . . . . . . 1 . Unreport Threat 4 | . 1 1 . 2 . . . . . . . Locate Traps 2 | . 1 1 . . . . . . . . . Dispatch Records 1 | . 1 . . . . . . . . . . Recall Investigation 1 | . 1 . . . . . . . . . . Hauler Manifests 4 | . 1 1 . 2 . . . . . . . Registered Components 1 | . . 1 . . . . . . . . . Registered Prototypes 1 | . . 1 . . . . . . . . . Zone Layout 6 | . 3 2 . 1 . . . . . . . Fabricator Hacks 2 | . . . . . . 2 . . . . . Load Schematic 1 | . . . . . . 1 . . . . . Build 1 | . . . . . . 1 . . . . . Repair Station Hacks 3 | . . 2 . 1 . . . . . . . Scan Component 2 | . . 1 . 1 . . . . . . . Repair 1 | . . 1 . . . . . . . . . Recycling Unit Hacks 1 | . . . . . 1 . . . . . . Process 1 | . . . . . 1 . . . . . . Scanalyzer 16 | . . 6 . 5 . . . . . 5 . Insert Component 8 | . . 3 . 3 . . . . . 2 . Analyze 8 | . . 3 . 2 . . . . . 3 . Garrison Access Hacks 2 | . . . . 1 . . . . 1 . . Seal Access 2 | . . . . 1 . . . . 1 . . Unauthorized Hacks 6 | . 4 2 . . . . . . . . . Terminals 6 | . 4 2 . . . . . . . . . Assimilate 1 | . 1 . . . . . . . . . . Botnet 3 | . 2 1 . . . . . . . . . Operators 2 | . 1 1 . . . . . . . . . Fabricators . | . . . . . . . . . . . . Repair Stations . | . . . . . . . . . . . . Recycling Units . | . . . . . . . . . . . . Scanalyzers . | . . . . . . . . . . . . Garrison Access . | . . . . . . . . . . . . Data Cores Recovered . | . . . . . . . . . . . . Used . | . . . . . . . . . . . . Hacking Detections 32 | . 5 10 . 8 2 3 . . 2 2 . Full Trace Events 7 | . 1 3 . . 1 2 . . . . . Feedback Events . | . . . . . . . . . . . . Feedback Blocked . | . . . . . . . . . . . . Robot Schematics Acquired . | . . . . . . . . . . . . Robots Built . | . . . . . . . . . . . . Authchips . | . . . . . . . . . . . . Time . | . . . . . . . . . . . . Total Robot Build Rating . | . . . . . . . . . . . . Part Schematics Acquired 8 | . . 3 . 2 . 1 . . . 2 . Parts Built 2 | . . . . . . 2 . . . . . Authchips . | . . . . . . . . . . . . Time 95 | . . . . . . 95 . . . . . Total Part Build Rating 10 | . . . . . . 10 . . . . . Parts Repaired 1 | . . 1 . . . . . . . . . Time 19 | . . 19 . . . . . . . . . Parts Recycled . | . . . . . . . . . . . . Recycled Matter 511 | . . . . . 511 . . . . . . Retrieved Matter . | . . . . . . . . . . . . Retrieved Components . | . . . . . . . . . . . . Parts Scanalyzed 7 | . . 3 . 2 . . . . . 2 . Part Schematics Acquired 7 | . . 3 . 2 . . . . . 2 . Parts Damaged 2 | . . . . 1 . . . . . 1 . Bothacking | -11 -10 -9 -9 -8 -7 -6 -6 -6 -5 -4 -4 ------------ Run | Yrd Mat Mat Min Mat Fac Fac Low Low Fac Fac Was Used RIF Installer . | . . . . . . . . . . . . Robots Hacked . | . . . . . . . . . . . . Non-combat . | . . . . . . . . . . . . Combat . | . . . . . . . . . . . . Robot Hacks Applied . | . . . . . . . . . . . . Relay Couplers Released . | . . . . . . . . . . . . Fabnet Peak Effective % . | . . . . . . . . . . . . Robots Rewired 2 | . . . . . . 2 . . . . . Allies Hacked . | . . . . . . . . . . . . Hacks Repelled . | . . . . . . . . . . . . Allies | -11 -10 -9 -9 -8 -7 -6 -6 -6 -5 -4 -4 -------- Run | Yrd Mat Mat Min Mat Fac Fac Low Low Fac Fac Was Total Allies 3 | . 1 . . . . 2 . . . . . Largest Group 2 | . 1 . . . . 2 . . . . . Highest-Rated Group 61 | . 10 . . . . 61 . . . . . Highest-Rated Ally 41 | . 10 . . . . 41 . . . . . Total Orders 19 | . . . 1 18 . . . . . . . ROAM 17 | . . . 1 16 . . . . . . . EXPLORE 1 | . . . . 1 . . . . . . . RETURN 1 | . . . . 1 . . . . . . . Ally Attacks 31 | . . . 1 15 . 15 . . . . . Total Damage 478 | . . . . . . 478 . . . . . Kills 3 | . . . . . . 3 . . . . . Allies Corrupted 1 | . 1 . . . . . . . . . . Allies Melted . | . . . . . . . . . . . . Intel | -11 -10 -9 -9 -8 -7 -6 -6 -6 -5 -4 -4 ------- Run | Yrd Mat Mat Min Mat Fac Fac Low Low Fac Fac Was Active Infowar (turns) 7703 | . 575 737 . 1482 815 884 1338 70 788 978 36 IFF 34 | . . . . . . 34 . . . . . Structural 1256 | . 519 737 . . . . . . . . . Seismic 101 | . 56 45 . . . . . . . . . Machine Analysis 6391 | . . . . 1482 815 884 1338 70 788 978 36 Robot Analysis Total 1 | . . . . 1 . . . . . . . Derelict Logs Recovered 2 | . . . . . . . 2 . . . . Drone Launches 18 | . . . 1 17 . . . . . . . Drone Recoveries 2 | . . . . 2 . . . . . . . Exploration | -11 -10 -9 -9 -8 -7 -6 -6 -6 -5 -4 -4 ------------- Run | Yrd Mat Mat Min Mat Fac Fac Low Low Fac Fac Was Turns Passed 8559 | 59 781 1092 121 1595 815 884 1338 70 788 978 38 Spaces Moved 4102 | 40 506 562 69 708 333 416 561 30 460 410 7 Core 2 | 2 . . . . . . . . . . . Treads 3502 | . . 554 69 708 333 416 561 30 460 371 . Legs . | . . . . . . . . . . . . Wheels 598 | 38 506 8 . . . . . . . 39 7 Hover . | . . . . . . . . . . . . Flight . | . . . . . . . . . . . . Fastest Speed 50 | 50 85 90 152 150 156 148 225 228 145 138 138 Average Speed 160 | 87 89 144 152 154 198 159 225 228 146 183 138 Slowest Speed 305 | 95 90 225 152 160 240 231 228 228 225 305 138 Overloaded Moves . | . . . . . . . . . . . . Propulsion Burnouts . | . . . . . . . . . . . . Robots Hopped . | . . . . . . . . . . . . Potential Cave-ins . | . . . . . . . . . . . . Cave-ins Triggered 1 | . . . . 1 . . . . . . . Exploration Rate (%) 36 | 3 89 60 34 90 11 13 78 8 16 14 16 Regions Visited 11 Branch Regions 3 Pre-discovered Areas . | . . . . . . . . . . . . Known Exits Taken . | . . . . . . . . . . . . Unknown Exits Taken 10 | 1 1 1 1 1 1 1 1 1 1 . . Scrap Searched 5 | . . . . . . . 4 1 . . . Spaces Dug 28 | . 20 2 . 6 . . . . . . . Terrain Destroyed 372 | . 20 21 3 42 34 24 . . 105 114 9 Melee 28 | . 20 2 . 6 . . . . . . . Projectile 48 | . . . . 4 5 5 . . 3 22 9 AOE 296 | . . 19 3 32 29 19 . . 102 92 . Terrain Rammed . | . . . . . . . . . . . . Walls Destroyed . | . . . . . . . . . . . . Machines Disabled . | . . . . . . . . . . . . Actions | -11 -10 -9 -9 -8 -7 -6 -6 -6 -5 -4 -4 --------- Run | Yrd Mat Mat Min Mat Fac Fac Low Low Fac Fac Was Total 5378 | 56 706 739 81 1068 423 587 609 34 519 538 18 Wait 451 | 2 62 86 3 201 9 52 15 . 2 17 2 Move 4092 | 39 505 561 68 707 332 415 560 29 459 410 7 Hop . | . . . . . . . . . . . . Pick Up 127 | 6 18 8 2 20 23 20 5 3 7 15 . Fast Attach 27 | 7 2 4 1 3 1 2 . . . 7 . Attach 44 | . . 2 . 11 7 7 2 . 6 9 . Detach 5 | . 1 . . 2 . 1 . . . 1 . Swap 128 | . 24 18 . 31 10 15 3 . 11 16 . Drop 124 | . 23 13 4 20 10 22 7 2 5 18 . Fire 319 | 2 42 45 3 66 31 30 17 . 29 45 9 Melee 38 | . 29 2 . 7 . . . . . . . Ram . | . . . . . . . . . . . . Kick . | . . . . . . . . . . . . Crush 1 | . . . . . . 1 . . . . . Escape Stasis 2 | . . . . . . 2 . . . . . Rewire 20 | . . . . . . 20 . . . . . Trap . | . . . . . . . . . . . . Miscellaneous . | . . . . . . . . . . . . Route ------- -11/Scrapyard -10/Materials (discovered 5 exits: *Mat x2 / *Min x2 / [Sub]) -9/Materials (discovered 3 exits: *Mat / *Min x2) -9/Mines -8/Materials (discovered 2 exits: *Fac x2) -7/Factory (discovered 2 exits: *Fac / [*Sto]) -6/Factory -6/Lower Caves -6/Lower Caves -5/Factory -4/Factory (discovered 4 exits: [*Upp x2] / Ext x2) -4/Waste History --------- Turn | Location | Event 15 | -11/Scrapyard | Discovered new exit (range 15) 60 | -11/Scrapyard | Entered Materials 75 | -10/Materials | Discovered new exit (range 16) 167 | -10/Materials | Discovered new exit (range 12) 227 | -10/Materials | Discovered new exit (range 7) 299 | -10/Materials | Discovered new exit (range 10) 307 | -10/Materials | Build established: Mutant 333 | -10/Materials | Discovered new exit (range 14) 365 | -10/Materials | Identified exit to Mines 841 | -10/Materials | Entered another Materials area 841 | -9/Materials | Evolved 2 slots: Utility x1, Weapon x1 989 | -9/Materials | Discovered new exit (range 15) 1272 | -9/Materials | Destroyed 7 combat bots 1451 | -9/Materials | Build established: Tank 1489 | -9/Materials | Discovered new exit (range 4) 1710 | -9/Materials | Repaired Adv. Treads 1926 | -9/Materials | Discovered new exit (range 6) 1933 | -9/Materials | Entered Mines 1982 | -9/Mines | Found the Drone Emporium 1989 | -9/Mines | Found Prototype Device 1989 | -9/Mines | Identified Bomb Drone Bay 2038 | -9/Mines | Discovered new exit (range 9) 2054 | -9/Mines | Entered Materials 2054 | -8/Materials | Evolved 2 slots: Propulsion x1, Utility x1 2084 | -8/Materials | Crushed by falling debris 2806 | -8/Materials | Build established: Skirmisher 2852 | -8/Materials | Discovered new exit (range 52) 2947 | -8/Materials | Lost 9 allies 3638 | -8/Materials | Discovered new exit (range 7) 3649 | -8/Materials | Entered Factory 3649 | -7/Factory | Evolved 2 slots: Propulsion x1, Utility x1 3946 | -7/Factory | Build established: Tank 4171 | -7/Factory | Discovered new exit (range 11) 4365 | -7/Factory | Discovered new exit (range 13) 4464 | -7/Factory | Entered another Factory area 4464 | -6/Factory | Evolved 2 slots: Propulsion x1, Utility x1 5098 | -6/Factory | Fabricated Hvy. Flak Cannon (x2) 5268 | -6/Factory | Discovered new exit (range 2) 5348 | -6/Factory | Entered Lower Caves 5723 | -6/Lower Caves | Encountered a Warlord checkpoint 6517 | -6/Lower Caves | Spotted B-75 Beast 6553 | -6/Lower Caves | Destroyed B-75 Beast 6631 | -6/Lower Caves | Discovered new exit (range 8) 6686 | -6/Lower Caves | Entered another Lower Caves area 6731 | -6/Lower Caves | Discovered new exit (range 4) 6756 | -6/Lower Caves | Entered Factory 6756 | -5/Factory | Evolved 2 slots: Propulsion x1, Utility x1 7418 | -5/Factory | Garrison activated, responded to threat 7502 | -5/Factory | Discovered new exit (range 10) 7544 | -5/Factory | Entered another Factory area 7544 | -4/Factory | Evolved 2 slots: Weapon x2 7545 | -4/Factory | Identified exit to Extension 7695 | -4/Factory | Discovered new exit (range 4) 7793 | -4/Factory | Spotted B-86 Titan 7820 | -4/Factory | Destroyed B-86 Titan 8131 | -4/Factory | Destroyed 7 combat bots 8141 | -4/Factory | Lost 6 parts (4n1u1w) 8267 | -4/Factory | Discovered new exit (range 13) 8294 | -4/Factory | First assault squad dispatched 8460 | -4/Factory | Lost 4 parts (2n2u) 8522 | -4/Factory | Sucked down chute 8522 | -4/Factory | Entered Waste 8528 | -4/Waste | Spotted C-40 Crusher 8536 | -4/Waste | Spotted C-40 Crusher 8537 | -4/Waste | EMP discharged 8537 | -4/Waste | System corruption reached 10% 8542 | -4/Waste | Spotted C-40 Crusher 8548 | -4/Waste | Crushed by Compactor (1 part destroyed, 1 dropped) 8551 | -4/Waste | Crushed by Compactor (1 part destroyed, 2 dropped) 8554 | -4/Waste | Crushed by Compactor (1 part destroyed, 2 dropped) 8555 | -4/Waste | Crushed by Compactor (1 part destroyed, 1 dropped) 8557 | -4/Waste | Crushed by Compactor (1 part destroyed, 2 dropped) 8558 | -4/Waste | Crushed by Compactor (1 part destroyed, 2 dropped) 8560 | -4/Waste | Self-destructed Last Messages --------------- 08554_ Imp. Medium Armor Plating crushed. 08554_ Rnf. Quantum Reactor crushed. 08554_ Hvy. Gauss Cannon crushed. 08555_ Adv. Medium Treads crushed. 08555_ Com. Wheel crushed. 08555_ Imp. Medium Treads crushed. 08555_ Wheel destroyed. 08557_ Acquired 5 matter. 08557_ Rnf. Quantum Reactor crushed. 08557_ Hvy. Gauss Cannon crushed. 08557_ Hpw. Tractor Beam crushed. 08557_ Imp. Cryofiber Web crushed. 08558_ Imp. Medium Treads crushed. 08558_ Huge Storage Unit crushed. 08558_ Adv. Heat Sink crushed. 08558_ Machine Analyzer crushed. 08560_ Imp. Cryofiber Web crushed. 08560_ Energy Well crushed. 08560_ Hpw. Tractor Beam crushed. 08560_ Focal Shield crushed. Map ----- +----------------------------------------------------+ | ?????????????????????????????????????????????????? | | ?????????????????????????????????????????????????? | | ?????????????????????????????????????????????????? | | ?????????????????????????????????????????????????? | | ?????????????????????????????????????????????????? | | ?????????????????????????????????????????????????? | | ?????????????????????????????????????????????????? | | ?????????????????????????????????????????????????? | | ?????????????????????????????????????????????????? | | ?????????????????????????????????????????????????? | | ?????????????????????????????????????????????????? | | ?????????????????????????????????????????????????? | | ?????????????????????????????????????????????????? | | ?????????????????????????????????????????????????? | | ????????????????????????????????#????????????????? | | ??????????????????????????????? #????????????????? | | ??????????????????????????????? #????????????????? | | ?????????????????????????????? #????????????????? | | ?????????????############???? #????????????????? | | ?????????????# #???? #????????????????? | | ?????????????# #??? #????????????????? | | ?????????????# #### ####;###?????????? | | ?????????????# ] ?????????? | | ?????????????# !CC[* ????????? | | ?????????????# ]CCCC CC ????????? | | ?????????????# !![@CC]CC ????????? | | ?????????????# ]##]*! ;#???????????????? | | ?????????????# #?#/ ; #?????????????? | | ?????????????# #??# ####?????????????? | | ?????????????############??? #????????????????? | | ????????????????????????????? #????????????????? | | ?????????????????????????????? #????????????????? | | ??????????????????????????????? ;#???????????????? | | ????????????????????????????????##???????????????? | | ?????????????????????????????????????????????????? | | ?????????????????????????????????????????????????? | | ?????????????????????????????????????????????????? | | ?????????????????????????????????????????????????? | | ?????????????????????????????????????????????????? | | ?????????????????????????????????????????????????? | | ?????????????????????????????????????????????????? | | ?????????????????????????????????????????????????? | | ?????????????????????????????????????????????????? | | ?????????????????????????????????????????????????? | | ?????????????????????????????????????????????????? | | ?????????????????????????????????????????????????? | | ?????????????????????????????????????????????????? | | ?????????????????????????????????????????????????? | | ?????????????????????????????????????????????????? | | ?????????????????????????????????????????????????? | +----------------------------------------------------+ Best States ------------- Heat Dissipation 119 Energy Generation 31 Energy Capacity 500 Matter Stores 300 Matter Capacity 300 Sight Range 16 Terrain Scan Density 10 Power Amplification 30 Base Temperature (-) 150 Armor Coverage 700 Resistance: KI 20 Evasion (%) 44 Recoil Reduction 8 Matter Filtering 30 Item Schematics ----------------- Adv. Treads | -9/Materials | Scanalyzed Machine Analyzer | -9/Materials | Scanalyzed Imp. Light Armor Plating | -9/Materials | Scanalyzed Hvy. Rocket Launcher | -8/Materials | Scanalyzed Med. Treads | -8/Materials | Scanalyzed Hvy. Flak Cannon | -6/Factory | Hacked Hardcell Cannon | -4/Factory | Scanalyzed Hvy. Machine Gun | -4/Factory | Scanalyzed Robot Schematics ------------------ None Fabricated ------------ Hvy. Flak Cannon | x2 | -6/Factory Repaired ---------- Adv. Treads | 35% | -9/Materials Alien Tech Used ----------------- None Achievements -------------- Tank Challenges ------------ None Game ------ Seed MiningThrusterBlaster Manual? 0 Play Time 02:07:19 Cumulative 87.6 hours Start 2025.05.23 @ 16:22:10 End 2025.05.23 @ 18:31:12 Sessions 1 Manual Loads 0 Difficulty Rogue Special Mode None Game No. 73 Rogue 73 Adventurer 0 Explorer 0 Win Type - Total 1 Types 1/0/0/0/0/0/0/0/0/0 Lore% 34 Gallery% 41 Achievement% 39 Wizard Run 0 Options --------- Layout 1 ASCII 0 Keyboard 0 Movement Mouse Keybinds 0 Fullscreen 1 Font 24/Smallcaps Map View 50x35 Zoom Use 0% Tactical HUD 1 Map Filters NONE Filters NONE Steam 1 RUN: 339d6156-6fb5-48aa-a833-e50aa3121585